 Dungeon Crawl Stone Soup version 0.31-a0-441-g867994ef1c (webtiles) character file.

Game seed: 795958382750753441

32 Gelion the Changeling (level 3, 0/24 HPs)
             Began as an Octopode Shapeshifter on Aug 2, 2023.
             Slain by a gnoll
             ... wielding a +0 halberd
              (7 damage)
             ... on level 2 of the Dungeon.
             The game lasted 00:01:20 (793 turns).

Gelion the Changeling (Octopode Shapeshifter)        Turns: 793, Time: 00:01:21

Health: 0/24       AC:  1    Str: 14    XL:     3   Next: 27%
Magic:  3/3        EV: 13    Int: 10    God:
Gold:   25         SH:  0    Dex: 14    Spells: 2/2 levels left

rFire   . .          .
                       - Unarmed
rCold   . . .        (no shield)
rNeg    . . .        (helmet currently unavailable)
rPois   .            (no amulet)
rElec   .            (no ring)
rCorr   .            (no ring)
SInv    .            (no ring)
Will    .....        (no ring)
Stlth   ++           (no ring)
HPRegen 0.24/turn    (no ring)
MPRegen 0.08/turn    (no ring)
                     (no ring)

%: no passive effects
@: beast-form
A: beast (slay +2), almost no armour, amphibious, 8 rings, camouflage 1,
gelatinous body 1, (nimble swimmer 1), tentacles
a: Begin Untransformation


You were on level 2 of the Dungeon.
You were a hulking beast.
You visited 1 branch of the dungeon, and saw 2 of its levels.

You collected 25 gold pieces.

Inventory:

Talismans
 b - a beast talisman (active)
Scrolls
 d - 2 scrolls of revelation {unknown}
 e - a scroll of immolation {unknown}
Potions
 a - a potion of lignification
 c - a potion of curing {unknown}


   Skills:
 + Level 1.6 Fighting
 - Level 2.0 Dodging
 + Level 3.3 Unarmed Combat
 * Level 3.5 Shapeshifting


You had 2 spell levels left.
You didn't know any spells.
Your spell library was empty.

Dungeon Overview and Level Annotations

Branches:
Dungeon (2/15)

Altars:


Innate Abilities, Weirdness & Mutations

You are a hulking beast.
Your limbs bulge with bestial killing power. (Slay +2)
You cannot wear most types of armour.
You are amphibious.
You can wear up to eight rings at the same time.
Your skin changes colour to match your surroundings (Stealth+).
Your rubbery body absorbs attacks. (AC +1, EV +1)
((You are camouflaged when in or above water. (Stealth+)))
You have tentacles for arms and can constrict up to eight enemies at once.


Message History

There is a stone staircase leading down here.
You climb downwards.
The goblin shouts!
Found a scroll labelled PEOWAO EM QEWO.
There is a stone staircase leading up here.
There are monsters nearby!
A hobgoblin comes into view.
You bludgeon the goblin!
You kill the goblin!
The rat twitches its whiskers.
The hobgoblin hits you.
You tentacle-slap the hobgoblin.
You kill the hobgoblin!
You closely miss the rat. Your grab misses the rat. You bludgeon the rat!
You kill the rat!
No target in view!
You start resting.
HP restored.
You see here a +2 dagger of flaming.
Found a stone staircase leading down.
You see here a scroll labelled PEOWAO EM QEWO.
A kobold is nearby!
The kobold throws a stone.
The stone hits you.
The gnoll throws a throwing net.
The throwing net hits you.
You become entangled in the net!
You see here a throwing net.
You are held in a net!
You are held in a net!
Unknown command.
You struggle against the net.
You struggle against the net.
The gnoll hits you from afar with a +0 halberd!
Ouch! That really hurt!
The kobold hits you with a +0 dagger.
You struggle against the net.
The gnoll barely misses you. The kobold hits you with a +0 dagger.
* * * LOW HITPOINT WARNING * * *
You rip the net and break free!
The gnoll hits you from afar with a +0 halberd!
You die...

.............#
..............#
.........K....#
..............#
..............#
#.............#
...............
#.g.K....#
#h#.#.####.
#.#.......#
#.##..#...
.##.###.......#
.......?..#.########.
##..##...............
#.>....##..†.<...#
##### ##.......#
##......#


You could see a gnoll and 2 kobolds.

Vanquished Creatures
  A gnoll (D:1)
  2 endoplasms (D:1)
  A giant cockroach (D:1)
  4 goblins
  2 hobgoblins
  A quokka (D:1)
  3 ball pythons (D:1)
  2 bats (D:1)
  2 frilled lizards
  3 kobolds
  A rat (D:2)
22 creatures vanquished.

Notes
Turn   | Place    | Note
-------+----------+-------------------------------------------
     0 | D:1      | Gelion the Octopode Shapeshifter began the quest for the
                  | Orb.
     0 | D:1      | Reached XP level 1. HP: 13/13 MP: 1/1
   200 | D:1      | Reached XP level 2. HP: 18/18 MP: 2/2
   603 | D:1      | Reached XP level 3. HP: 12/23 MP: 3/3
   793 | D:2      | Slain by a gnoll

Illustrated notes

Levels and vault maps discovered:
D:1:      eino_arrival_cavern_c, layout_rooms,
          amcnicky_mini_rare_corridor_liquid, grunt_decor_arrowhead,
          minmay_pentomino_s2
D:2:      layout_rooms, minmay_crystal_water

Action                     || total
---------------------------++-------
  Melee: Unarmed           ||    32
         Constrict         ||     6
         Tentacles         ||     2
   Stab: Sleeping          ||     2
 Armour: Skin              ||     3
  Dodge: Dodged            ||    24

Table legend: (Time is in decaauts)
 A = Elapsed time spent in this place.
 B = Non-inter-level travel time spent in this place.
 C = Inter-level travel time spent in this place.
 D = Time resting spent in this place.
 E = Time spent auto-exploring this place.
 F = Levels seen in this place.
 G = Mean time per level.
                   A        B        C        D        E       F      G
               +--------+--------+--------+--------+--------+-----+--------+
         Total |    794 |    756 |     38 |    134 |    474 |   2 |  397.0 |
       Dungeon |    794 |    756 |     38 |    134 |    474 |   2 |  397.0 |
               +--------+--------+--------+--------+--------+-----+--------+

Top non-repeatable levels by time:
     D:1: 712 daAuts
     D:2: 81 daAuts
